Map: World of Sleepers LE

Players

Ratl - Winner!

  • Race: Protoss Protoss
  • League: Silver
  • Spawn Location: 1:00

Ariel

  • Race: Zerg Zerg
  • League: Platinum
  • Spawn Location: 7:00

VOD

Have the link to the VOD?

Description

Time

  • Played on: Feb. 16, 2020, 12:08 p.m.
  • Length: 18:35
Show
View Real Time Build Order
Export as new Build Order

Ratl Protoss - Winner!

Build Orders: Double Forge 

Get SALT Encoding   

  12  0:01  Probe  
  13  0:13  Probe  
  14  0:19  Pylon  
  14  0:25  Probe  
  15  0:37  Probe (Chrono Boost)  
  15  0:39  Gateway  
  16  0:48  Assimilator  
  17  0:50  Probe (Chrono Boost)  
  17  0:59  Probe (Chrono Boost)  
  18  1:04  Probe (Chrono Boost), Pylon  
  19  1:16  Probe (Chrono Boost)  
  20  1:24  Probe (Chrono Boost)  
  21  1:30  Probe  
  22  1:42  Probe  
  22  1:45  Nexus  
  23  1:54  Probe  
  24  2:02  Gateway  
  24  2:08  Cybernetics Core  
  24  2:10  Probe (Chrono Boost)  
  25  2:18  Zealot  
  25  2:21  Probe (Chrono Boost)  
  28  2:24  Assimilator  
  28  2:25  Probe (Chrono Boost)  
  29  2:36  Probe  
  30  2:48  Probe  
  31  2:56  Pylon  
  31  2:57  Sentry (Chrono Boost), Stalker (Chrono Boost)  
  35  3:01  Probe  
  35  3:02  Probe (Chrono Boost)  
  35  3:04  Pylon  
  33  3:14  Probe (Chrono Boost)  
  33  3:18  Probe (Chrono Boost)  
  35  3:23  Probe (Chrono Boost)  
  35  3:26  Probe (Chrono Boost)  
  38  3:29  Probe  
  38  3:30  Stalker (Chrono Boost)  
  39  3:37  Probe  
  39  3:41  Probe  
  41  3:49  Probe  
  41  3:53  Probe  
  41  3:54  Stalker  
  45  3:56  Warp Gate  
  45  4:01  Probe (Chrono Boost)  
  45  4:02  Robotics Facility  
  46  4:06  Forge  
  46  4:07  Forge  
  46  4:09  Probe (Chrono Boost)  
  47  4:13  Probe (Chrono Boost)  
  47  4:14  Stalker  
  50  4:21  Probe (Chrono Boost)  
  51  4:24  Probe (Chrono Boost)  
  51  4:30  Probe  
  53  4:35  Probe  
  54  4:45  Probe, Nexus  
  55  4:47  Probe  
  55  4:48  Stalker  
  58  4:53  Pylon  
  58  4:57  Probe  
  58  4:59  Probe  
  60  5:00  Observer  
  60  5:04  Pylon  
  61  5:07  Pylon  
  61  5:11  Pylon  
  61  5:13  Probe x2  
  63  5:21  Immortal  
  63  5:25  Probe, Assimilator x2  
  63  5:26  Probe  
  69  5:31  Pylon  
  69  5:32  Stalker  
  69  5:34  Pylon  
  71  5:37  Probe  
  71  5:38  Probe  
  74  5:51  Probe x2 (Chrono Boost)  
  74  5:54  Robotics Bay  
  74  5:56  Forge  
  75  5:58  Probe (Chrono Boost), Twilight Council  
  78  6:08  Probe x3 (Chrono Boost)  
  79  6:13  Probe (Chrono Boost)  
  79  6:14  Probe x2  
  82  6:25  Probe  
  83  6:26  Probe  
  83  6:27  Probe  
  83  6:31  Assimilator  
  85  6:33  Assimilator  
  85  6:37  Probe  
  85  6:38  Probe  
  85  6:39  Probe  
  88  6:42  Colossus, Nexus  
  88  6:44  Pylon  
  94  6:47  Protoss Ground Weapons Level 1 (Chrono Boost), Pylon, Protoss Ground Armor Level 1 (Chrono Boost), Protoss Shields Level 1 (Chrono Boost)  
  94  6:49  Probe  
  94  6:50  Probe  
  94  6:51  Probe, Templar Archives  
  97  7:00  Stalker x2  
  101  7:01  Probe  
  101  7:02  Probe  
  101  7:03  Probe  
  104  7:13  Probe  
  104  7:14  Probe  
  107  7:15  Probe  
  107  7:25  Probe  
  107  7:26  Probe  
  107  7:27  Probe  
  110  7:35  Photon Cannon  
  110  7:37  Probe, Photon Cannon  
  110  7:38  Probe  
  110  7:44  Photon Cannon  
  112  7:46  Photon Cannon x2  
  112  7:50  Shield Battery  
  112  7:56  Photon Cannon  
  112  7:57  Photon Cannon  
  112  7:59  Photon Cannon  
  112  8:00  Photon Cannon, Assimilator  
  112  8:01  Shield Battery  
  112  8:02  Probe x2  
  112  8:03  Probe, Shield Battery  
  115  8:09  Colossus  
  115  8:11  Stalker  
  115  8:12  Stalker  
  125  8:23  Gateway x2  
  125  8:25  Gateway  
  125  8:27  Gateway  
  125  8:28  Gateway  
  125  8:32  Gateway  
  125  8:45  Pylon x2  
  125  8:57  Protoss Ground Weapons Level 2 (Chrono Boost), Protoss Shields Level 2 (Chrono Boost), Protoss Ground Armor Level 2 (Chrono Boost), Stalker x2  
  129  9:18  Pylon  
  129  9:19  Colossus (Chrono Boost)  
  135  9:27  Nexus  
  135  9:29  Pylon  
  135  9:31  Gateway  
  135  9:32  Pylon  
  135  9:35  Gateway, Pylon  
  135  9:38  Pylon  
  135  9:39  Gateway  
  135  9:43  Gateway  
  135  9:45  Gateway  
  135  9:46  Gateway  
  135  9:48  Gateway  
  135  10:00  Stalker x3  
  135  10:01  Stalker x4  
  135  10:02  Stalker  
  151  10:08  Colossus (Chrono Boost)  
  157  10:20  Robotics Facility  
  157  10:22  Robotics Facility  
  157  10:25  Stalker x2  
  157  10:26  Stalker x5  
  157  10:27  Stalker  
  173  10:48  Photon Cannon  
  173  10:50  Photon Cannon  
  173  10:51  Photon Cannon x2  
  173  10:52  Colossus (Chrono Boost)  
  173  10:54  Photon Cannon, Shield Battery  
  179  10:58  Shield Battery  
  179  10:59  Photon Cannon  
  179  11:05  Assimilator  
  179  11:08  Assimilator  
  179  11:10  Stalker x5  
  179  11:11  Stalker x4  
  193  11:12  Stalker  
  199  11:27  Protoss Shields Level 3 (Chrono Boost), Protoss Ground Armor Level 3 (Chrono Boost)  
  199  11:40  Extended Thermal Lance (Chrono Boost)  
  199  11:45  Protoss Ground Weapons Level 3 (Chrono Boost)  
  199  11:53  Charge  
  199  11:55  Psionic Storm  
  144  12:21  Colossus  
  144  12:22  Stalker x4  
  104  12:23  Stalker x3  
  104  12:24  High Templar x4  
  104  12:25  Stalker  
  104  12:28  Colossus x2  
  124  12:32  Stalker  
  124  12:33  Stalker  
  124  12:35  Archon  
  124  12:36  Archon  
  130  12:40  Stalker  
  132  12:50  Pylon  
  132  12:52  Pylon  
  132  12:55  Pylon  
  132  12:58  Pylon  
  132  13:05  Immortal  
  132  13:10  Stalker x5  
  132  13:11  Stalker x3  
  132  13:12  Stalker x4  
  156  13:18  High Templar  
  162  13:34  Colossus x2, Blink  
  162  13:39  Zealot x4  
  162  13:40  Zealot x6  
  162  13:41  Zealot x3  
  200  14:09  Photon Cannon  
  198  14:10  Photon Cannon  
  198  14:11  Photon Cannon  
  198  14:15  Shield Battery  
  158  14:25  Stalker x6  
  158  14:26  Stalker x5  
  158  14:27  Stalker  
  158  14:28  Colossus x3 (Chrono Boost)  
  164  14:31  Stalker x2  
  158  14:47  High Templar  
  158  14:48  High Templar x2  
  158  14:50  Zealot x4  
  158  14:51  Zealot x6  
  180  15:28  Nexus  
  180  15:31  Pylon x2, Colossus  
  180  15:32  Colossus x2  
  180  15:33  Stalker  
  124  16:22  Stalker x5  
  124  16:23  Stalker x5  
  124  16:24  Stalker x2  
  124  16:25  Colossus x2  
  140  16:27  Observer  
  153  16:41  Photon Cannon  
  153  16:43  Photon Cannon  
  153  16:47  Photon Cannon  
  153  16:48  Stalker x3  
  153  16:49  Photon Cannon, Stalker x2  
  153  16:50  High Templar x4  
  153  16:51  Shield Battery  
  171  16:54  Archon x2  
  171  16:59  Photon Cannon  
  171  17:02  Photon Cannon  
  171  17:06  Shield Battery  
  171  17:10  Observer  
  171  17:14  Stalker  
  171  17:15  Stalker x5  
  182  17:16  Zealot x4  
  182  17:17  Zealot  
  182  17:18  Colossus  
  200  17:54  Nexus  
  200  17:55  Pylon  
  200  17:56  Assimilator  
  200  17:58  Pylon  
  200  17:59  Assimilator  
Show
View Real Time Build Order
Export as new Build Order

Ariel Zerg 

Build Orders: Pool First, Lurkers 

Get SALT Encoding   

  12  0:01  Drone  
  13  0:12  Overlord  
  13  0:19  Drone  
  14  0:30  Drone x2  
  16  0:43  Spawning Pool  
  16  0:45  Drone  
  16  0:48  Drone  
  17  1:10  Hatchery  
  17  1:11  Drone  
  17  1:24  Extractor  
  16  1:26  Overlord  
  16  1:30  Zergling x2  
  16  1:31  Zergling x2  
  20  1:42  Drone  
  21  1:49  Drone  
  22  2:00  Drone  
  23  2:06  Queen  
  23  2:21  Queen  
  25  2:25  Drone x3  
  28  2:41  Drone  
  29  2:48  Queen  
  29  2:50  Drone  
  29  2:51  Drone x2  
  34  2:58  Drone  
  35  3:15  Zergling x2  
  35  3:19  Overlord x3  
  34  3:50  Zergling x4  
  34  3:51  Zergling x2  
  34  3:52  Metabolic Boost  
  34  3:55  Extractor  
  36  3:57  Roach Warren  
  36  4:02  Extractor  
  34  4:05  Extractor, Drone x3  
  34  4:06  Drone x2  
  38  4:38  Hatchery  
  37  4:46  Roach x6  
  37  4:51  Zergling x6  
  52  5:01  Lair  
  52  5:02  Overlord x2  
  52  5:05  Drone x3  
  55  5:17  Drone x3  
  55  5:19  Drone x2  
  60  5:25  Evolution Chamber  
  60  5:27  Baneling Nest  
  58  5:29  Drone  
  58  5:30  Drone x2  
  58  5:31  Drone  
  62  5:55  Zerg Melee Weapons Level 1  
  62  5:59  Drone  
  62  6:00  Queen  
  65  6:11  Roach x4  
  71  6:16  Spore Crawler  
  72  6:25  Spore Crawler  
  72  6:27  Hydralisk Den  
  72  6:28  Pneumatized Carapace  
  72  6:29  Overseer x2  
  72  6:32  Baneling x3  
  70  6:33  Baneling x4  
  70  6:34  Baneling x2  
  70  6:35  Zergling x10  
  70  6:36  Zergling x8  
  79  6:41  Overseer  
  79  6:45  Drone  
  79  6:46  Drone x2  
  82  7:00  Muscular Augments  
  82  7:01  Glial Reconstitution, Evolution Chamber  
  81  7:11  Drone  
  82  7:16  Overlord x3  
  82  7:17  Overlord  
  82  7:24  Extractor  
  82  7:25  Extractor  
  80  7:39  Zerg Ground Armor Level 1  
  80  8:05  Hydralisk  
  80  8:06  Hydralisk x3  
  88  8:18  Spire, Grooved Spines  
  87  8:22  Zerg Missile Weapons Level 1  
  87  8:24  Hydralisk  
  89  8:28  Zergling x2  
  89  8:29  Roach x3  
  89  8:31  Overlord  
  89  8:32  Overlord x2  
  96  8:35  Drone x2  
  96  8:36  Drone x2  
  96  8:37  Drone x3  
  103  8:53  Hatchery  
  99  9:17  Lurker Den, Queen  
  99  9:19  Queen  
  102  9:25  Drone x6  
  108  9:41  Infestation Pit  
  108  9:42  Corruptor x5  
  117  9:46  Drone  
  117  9:47  Drone  
  119  10:01  Zerg Ground Armor Level 2  
  119  10:06  Centrifical Hooks  
  119  10:18  Hive  
  119  10:19  Zerg Flyer Armor Level 1  
  119  10:24  Corruptor  
  119  10:27  Drone x2  
  119  10:28  Drone  
  124  10:30  Drone x3  
  127  10:36  Hydralisk  
  129  11:05  Infestor x3  
  129  11:06  Infestor  
  138  11:11  Drone x3  
  138  11:15  Drone x3  
  143  11:20  Overlord x4  
  143  11:22  Overseer x2  
  143  11:23  Overseer  
  140  11:32  Lurker x4  
  142  11:37  Lurker  
  142  11:38  Lurker  
  138  11:48  Spine Crawler  
  138  11:50  Spine Crawler  
  138  11:52  Spine Crawler  
  138  11:53  Hydralisk x5  
  141  11:56  Spine Crawler  
  90  12:35  Seismic Spines  
  90  12:45  Drone x3  
  90  12:47  Extractor  
  92  12:52  Infestor x2, Hatchery  
  92  12:55  Zergling x18  
  104  13:10  Overseer  
  104  13:11  Drone x2  
  106  13:32  Adaptive Talons  
  106  13:52  Nydus Network, Zerg Ground Armor Level 3  
  106  13:53  Zerg Missile Weapons Level 2  
  106  13:55  Greater Spire  
  105  14:03  Lurker  
  81  14:30  Zergling x10  
  81  14:31  Zergling x18  
  80  14:40  Roach x3  
  80  14:41  Roach x3  
  80  14:43  Roach  
  85  14:52  Drone  
  86  15:00  Hydralisk x3  
  92  15:15  Drone x2  
  94  15:23  Hatchery  
  93  15:44  Lurker  
  94  16:02  Zergling x2  
  94  16:03  Zergling x24  
  82  16:17  Zergling x4, Roach  
  82  16:18  Roach x2  
  74  16:24  Queen  
  74  16:25  Queen  
  78  16:35  Roach x2  
  78  16:36  Roach x3  
  88  16:45  Ravager  
  88  16:47  Baneling x5  
  89  16:49  Drone x2  
  91  17:09  Drone x2  
  91  17:13  Corruptor x2  
  97  17:17  Drone x2  
  101  17:30  Roach x3  
  105  17:37  Spore Crawler, Drone  
  105  17:40  Drone x2  
  107  18:01  Zergling x2  
  107  18:02  Roach x5  
  107  18:03  Roach  
  120  18:11  Overseer x2  
Tags
 
Add a new tag
Caveats
  • Supply blocks, unpowered buildings, or Contaminate may cause inaccurate times.
  • Supply counts are checked every 10 seconds.